[Event "NOR-ch Various 2019"]
[Site "Larvik"]
[Date "2019.07.07"]
[Round "2.29"]
[White "Hagesather, Ellen"]
[Black "Hobber, Anders"]
[Result "0-1"]
[ECO "A07"]
[WhiteElo "2193"]
[BlackElo "2294"]
[Annotator "NA"]
[PlyCount "128"]
[EventDate "2019.07.06"]
[EventType "swiss"]
[EventCountry "NOR"]
[SourceTitle "playchess.com"]
[Source "ChessBase"]
[SourceQuality "1"]
[TimeControl "40/5400+30:1800+30"]

1. Nf3 d5 2. g3 c6 3. Bg2 Bf5 4. b3 Nf6 5. Bb2 e6 6. Ne5 Be7 7. d3 O-O 8. Nd2 Nbd7 9. Nxd7 Nxd7 10. e4 Bg6 11. Qe2 Bf6 12. e5 Be7 13. O-O Qb6 14. Bh3 Bc5 15. Nf3 Bh5 16. g4 Bg6 17. Kh1 Rae8 18. Nh4 Qd8 19. Ng2 f6 20. exf6 Nxf6 21. f4 Nd7 22. Qd2 Bd6 23. Rae1 e5 24. f5 Bf7 25. c4 Nc5 26. d4 Ne4 27. Rxe4 dxe4 28. dxe5 Bc7 29. Qe2 Bxe5 30. Ba3 Qd3 31. Qxd3 exd3 32. Rd1 Rd8 33. Bxf8 Kxf8 34. Ne1 d2 35. Nf3 Bf4 36. Bf1 g6 37. Kg2 gxf5 38. gxf5 Ke7 39. Kh3 Bh5 40. Be2 Kf6 41. Kh4 Re8 42. Kxh5 Rxe2 43. Kg4 Be3 44. h4 h5+ 45. Kxh5 Kxf5 46. Rf1 Ke4 47. Nxd2+ Rxd2 48. Rf7 Rxa2 49. Rxb7 Kd3 50. Kg6 Kc3 51. h5 Rb2 52. c5 Bxc5 53. h6 Bd4 54. h7 c5 55. Rxa7 Kxb3 56. Kf5 Rh2 57. Ke4 Kc4 58. Ra4+ Kb5 59. Ra7 Bh8 60. Rb7+ Kc4 61. Rc7 Rh4+ 62. Kf5 Bd4 63. Kg5 Rh1 64. Kf4 Kd3 0-1

[Event "NOR-ch Various 2019"]
[Site "Larvik"]
[Date "2019.07.07"]
[Round "2.30"]
[White "Gulbrandsen, Tor"]
[Black "Lund, Gunnar"]
[Result "1/2-1/2"]
[ECO "A21"]
[WhiteElo "2120"]
[BlackElo "2285"]
[Annotator "NA"]
[PlyCount "66"]
[EventDate "2019.07.06"]
[EventType "swiss"]
[EventCountry "NOR"]
[SourceTitle "playchess.com"]
[Source "ChessBase"]
[SourceQuality "1"]
[TimeControl "40/5400+30:1800+30"]

1. c4 e5 2. g3 d6 3. Bg2 f5 4. Nf3 Nf6 5. Nc3 Be7 6. d3 O-O 7. O-O Qe8 8. Bd2 Qh5 9. Nd5 Bd8 10. Nxf6+ Bxf6 11. Bc3 Nc6 12. b4 f4 13. b5 Ne7 14. Nd2 Bh3 15. e3 Qh6 16. Bxh3 Qxh3 17. Qe2 Ng6 18. Rac1 Rae8 19. Rfe1 Qd7 20. Qf3 fxe3 21. Qd5+ Kh8 22. fxe3 c6 23. bxc6 bxc6 24. Qg2 d5 25. cxd5 cxd5 26. Bb4 Be7 27. Bxe7 Nxe7 28. Rf1 Qb5 29. Rxf8+ Rxf8 30. Rf1 Rc8 31. Qh3 Rd8 32. Qh4 Qe8 33. Nf3 Ng6 1/2-1/2

[Event "NOR-ch Various 2019"]
[Site "Larvik"]
[Date "2019.07.07"]
[Round "2.31"]
[White "Abdrlauf, Elham"]
[Black "Brodtkorb, Lars Johan"]
[Result "1-0"]
[ECO "A46"]
[WhiteElo "2235"]
[BlackElo "2077"]
[Annotator "NA"]
[PlyCount "115"]
[EventDate "2019.07.06"]
[EventType "swiss"]
[EventCountry "NOR"]
[SourceTitle "playchess.com"]
[Source "ChessBase"]
[SourceQuality "1"]
[TimeControl "40/5400+30:1800+30"]

1. d4 Nf6 2. Bf4 c5 3. e3 e6 4. Nf3 Nc6 5. c4 cxd4 6. exd4 Bb4+ 7. Nbd2 O-O 8. Bd3 d5 9. O-O Re8 10. Rc1 Bf8 11. a3 Nxd4 12. Nxd4 e5 13. Bxe5 Rxe5 14. N2f3 Re8 15. Qb3 a6 16. Rfd1 Bg4 17. cxd5 Qxd5 18. Bc4 Qh5 19. h3 Bxf3 20. Nxf3 b5 21. Bd5 Nxd5 22. Rxd5 Qh6 23. Rc7 Re7 24. Rxe7 Bxe7 25. Rd7 Re8 26. Qd5 Qc1+ 27. Kh2 Qf4+ 28. g3 Qf6 29. Kg2 Rd8 30. Ne5 g6 31. Rxd8+ Bxd8 32. Nxf7 Be7 33. Nh6+ Kg7 34. Ng8 Qd6 35. Nxe7 Qxe7 36. Qd4+ Kf7 37. Kf3 Qe6 38. h4 h5 39. Qf4+ Kg7 40. Qc7+ Kf6 41. Qc3+ Kf7 42. Qd4 Qe1 43. Qa7+ Kf8 44. Qxa6 Qh1+ 45. Ke3 Qc1+ 46. Ke4 Qxb2 47. Qc8+ Ke7 48. Qc7+ Ke6 49. Qc6+ Ke7 50. Qc5+ Kf7 51. Qd5+ Kf8 52. Qd6+ Kf7 53. Qd5+ Kf8 54. Qc5+ Kf7 55. Kd5 Qb3+ 56. Kc6 Qb2 57. Kd6 Qd2+ 58. Qd5+ 1-0

[Event "NOR-ch Various 2019"]
[Site "Larvik"]
[Date "2019.07.07"]
[Round "2.32"]
[White "Holleland, Sigve"]
[Black "Moen, Ole Christian"]
[Result "0-1"]
[ECO "A80"]
[WhiteElo "2092"]
[BlackElo "2234"]
[Annotator "NA"]
[PlyCount "84"]
[EventDate "2019.07.06"]
[EventType "swiss"]
[EventCountry "NOR"]
[SourceTitle "playchess.com"]
[Source "ChessBase"]
[SourceQuality "1"]
[TimeControl "40/5400+30:1800+30"]

1. d4 f5 2. Nc3 Nf6 3. Bg5 d5 4. e3 e6 5. Nf3 Be7 6. Bd3 O-O 7. O-O c5 8. dxc5 Nc6 9. Na4 Ne4 10. Bxe7 Qxe7 11. c4 dxc4 12. Bxc4 Nxc5 13. Nxc5 Qxc5 14. Rc1 Qe7 15. Nd4 Nd8 16. Qc2 Kh8 17. f4 Bd7 18. e4 Qc5 19. Qf2 Rc8 20. exf5 exf5 21. Nf3 Qxf2+ 22. Kxf2 Be6 23. Bb5 Rxc1 24. Rxc1 Bxa2 25. Ra1 Bd5 26. Rxa7 Ne6 27. Ke3 Nc7 28. Bd3 Re8+ 29. Kf2 g6 30. Ra5 Kg7 31. Ne5 Kf6 32. b4 Re7 33. Nc4 Bxc4 34. Bxc4 Re4 35. Rc5 Rxf4+ 36. Ke3 Re4+ 37. Kd3 Ne8 38. Rb5 Rxc4 39. Kxc4 Nd6+ 40. Kc5 Nxb5 41. Kxb5 f4 42. Kc4 Ke5 {[%emt 0:00:00] Kd4+} 0-1

[Event "NOR-ch Various 2019"]
[Site "Larvik"]
[Date "2019.07.07"]
[Round "2.33"]
[White "Grover, Sigurd Loe"]
[Black "Demac, Elias"]
[Result "1-0"]
[ECO "B23"]
[WhiteElo "2052"]
[BlackElo "2215"]
[Annotator "NA"]
[PlyCount "65"]
[EventDate "2019.07.06"]
[EventType "swiss"]
[EventCountry "NOR"]
[SourceTitle "playchess.com"]
[Source "ChessBase"]
[SourceQuality "1"]
[TimeControl "40/5400+30:1800+30"]

1. e4 c5 2. Nc3 Nc6 3. f4 e6 4. Nf3 a6 5. g3 d5 6. d3 d4 7. Ne2 Nf6 8. Bg2 Be7 9. O-O O-O 10. h3 b5 11. g4 Ne8 12. f5 exf5 13. gxf5 Ra7 14. a4 b4 15. b3 Bd6 16. Kh1 Ne5 17. Qe1 Kh8 18. Nh2 Rg8 19. Ng4 Nxg4 20. hxg4 g5 21. Ng1 f6 22. Rf3 h5 23. gxh5 g4 24. Rf1 Rh7 25. h6 Be5 26. Ne2 Nd6 27. Qh4 Qf8 28. Kg1 Nf7 29. Kf2 Ng5 30. Rh1 Qd6 31. Qxg4 Bb7 32. Qh4 a5 33. Nf4 1-0

[Event "NOR-ch Various 2019"]
[Site "Larvik"]
[Date "2019.07.07"]
[Round "2.34"]
[White "Aulin-Jansson, Joran"]
[Black "Holand, Per Fredrik"]
[Result "1/2-1/2"]
[ECO "A06"]
[WhiteElo "2223"]
[BlackElo "1861"]
[Annotator "NA"]
[PlyCount "67"]
[EventDate "2019.07.06"]
[EventType "swiss"]
[EventCountry "NOR"]
[SourceTitle "playchess.com"]
[Source "ChessBase"]
[SourceQuality "1"]
[TimeControl "40/5400+30:1800+30"]

1. b3 d5 2. Bb2 Nf6 3. Nf3 e6 4. e3 Be7 5. Be2 O-O 6. O-O b6 7. Ne5 Bb7 8. Bf3 c5 9. c4 Nc6 10. d4 cxd4 11. Nxc6 Bxc6 12. Bxd4 Rc8 13. Nd2 Qd6 14. cxd5 Bxd5 15. Bxf6 gxf6 16. Bxd5 Qxd5 17. Nc4 Rfd8 18. Qxd5 Rxd5 19. a4 Rd3 20. Rab1 Rcd8 21. Rfc1 R8d5 22. e4 R5d4 23. f3 Bf8 24. Kf2 Bh6 25. Rc2 Bd2 26. Rd1 Bb4 27. Rxd3 Rxd3 28. Rb2 Kf8 29. Ke2 Rc3 30. Nd2 Rc1 31. Kd3 Rc3+ 32. Ke2 Rc1 33. Kd3 Rc3+ 34. Ke2 1/2-1/2

[Event "NOR-ch Various 2019"]
[Site "Larvik"]
[Date "2019.07.07"]
[Round "2.35"]
[White "Kjoita, Torgeir"]
[Black "Thanke, Bror"]
[Result "0-1"]
[ECO "B47"]
[WhiteElo "2012"]
[BlackElo "2191"]
[Annotator "NA"]
[PlyCount "82"]
[EventDate "2019.07.06"]
[EventType "swiss"]
[EventCountry "NOR"]
[SourceTitle "playchess.com"]
[Source "ChessBase"]
[SourceQuality "1"]
[TimeControl "40/5400+30:1800+30"]

1. e4 c5 2. Nf3 e6 3. d4 cxd4 4. Nxd4 a6 5. Nc3 Qc7 6. g3 Nc6 7. Bg2 Nf6 8. O-O h5 9. Nf3 d6 10. Re1 Be7 11. Qe2 Ng4 12. h3 Nge5 13. Nxe5 dxe5 14. Be3 Nd4 15. Qd3 h4 16. Ne2 Qxc2 17. Rad1 Qxd3 18. Rxd3 Nc2 19. Rc1 Nxe3 20. Rxe3 Bd7 21. a3 hxg3 22. Rxg3 g6 23. Rgc3 Bc6 24. Rd1 O-O 25. Nc1 Rac8 26. Nd3 Rfd8 27. Rdc1 f6 28. Nc5 Bxc5 29. Rxc5 Rd2 30. R5c2 Rcd8 31. Kf1 R8d4 32. f3 Kf7 33. Ke1 Rxc2 34. Rxc2 f5 35. Rd2 Kf6 36. Ke2 Kg5 37. Ke3 Rxd2 38. Kxd2 Kf4 39. Ke2 Kg3 40. Kf1 Bb5+ 41. Kg1 b6 0-1

[Event "NOR-ch Various 2019"]
[Site "Larvik"]
[Date "2019.07.07"]
[Round "2.36"]
[White "Martinsen, Stig K"]
[Black "Sorgjerd, Jan"]
[Result "1/2-1/2"]
[ECO "A65"]
[WhiteElo "2177"]
[BlackElo "2033"]
[Annotator "NA"]
[PlyCount "133"]
[EventDate "2019.07.06"]
[EventType "swiss"]
[EventCountry "NOR"]
[SourceTitle "playchess.com"]
[Source "ChessBase"]
[SourceQuality "1"]
[TimeControl "40/5400+30:1800+30"]

1. d4 Nf6 2. c4 e6 3. Nc3 c5 4. d5 exd5 5. cxd5 d6 6. e4 g6 7. f3 Bg7 8. Bg5 h6 9. Be3 Na6 10. Nge2 Nc7 11. Ng3 O-O 12. Qd2 Kh7 13. Rb1 Re8 14. Be2 b6 15. O-O Ba6 16. a3 Bxe2 17. Ngxe2 Qe7 18. b4 Rab8 19. Bf2 Qd7 20. Qd3 a6 21. a4 Rec8 22. Rfc1 a5 23. b5 Qe7 24. Re1 Nd7 25. f4 Ne8 26. Qc2 Qf8 27. Nd1 Nef6 28. h3 Re8 29. Nec3 Rbc8 30. Nb2 Nh5 31. g3 Bd4 32. Kg2 Qg7 33. Rbc1 Bxf2 34. Qxf2 Qd4 35. Red1 Qb4 36. Nd3 Qc4 37. Nb2 Qb4 38. Rc2 Nhf6 39. Nd3 Nxe4 40. Qf3 Qc4 41. Nxe4 Qxc2+ 42. Rd2 Qxa4 43. Nxd6 Rb8 44. Nxe8 Rxe8 45. Ne5 Qxb5 46. Nxf7 Qb4 47. Rf2 Qe4 48. Nd6 Qxf3+ 49. Kxf3 Re1 50. Rb2 Rd1 51. Nc4 a4 52. d6 a3 53. Ra2 Rd3+ 54. Kf2 Rd4 55. Rxa3 Rxc4 56. Ra7 Rd4 57. Rxd7+ Kg8 58. Rd8+ Kf7 59. d7 c4 60. Rc8 Rxd7 61. Rxc4 b5 62. Rc5 Rb7 63. Ke3 b4 64. Kd2 b3 65. Kc1 b2+ 66. Kb1 Rb3 67. Kc2 1/2-1/2

[Event "NOR-ch Various 2019"]
[Site "Larvik"]
[Date "2019.07.07"]
[Round "2.37"]
[White "Esbensen, Arnt"]
[Black "Kvam, Audun"]
[Result "1/2-1/2"]
[ECO "D09"]
[WhiteElo "2153"]
[BlackElo "2017"]
[Annotator "NA"]
[PlyCount "111"]
[EventDate "2019.07.06"]
[EventType "swiss"]
[EventCountry "NOR"]
[SourceTitle "playchess.com"]
[Source "ChessBase"]
[SourceQuality "1"]
[TimeControl "40/5400+30:1800+30"]

1. d4 d5 2. c4 e5 3. dxe5 d4 4. Nf3 Nc6 5. g3 Nge7 6. Bg2 Ng6 7. Bg5 Qd7 8. O-O h6 9. Bc1 Ngxe5 10. Nbd2 Be7 11. a3 a5 12. Qa4 O-O 13. b4 d3 14. exd3 Qxd3 15. b5 Nxf3+ 16. Nxf3 Nd8 17. Rd1 Qg6 18. Nd4 Bc5 19. Bb2 Bf5 20. Nxf5 Qxf5 21. Rd2 Ne6 22. Qc2 Qxc2 23. Rxc2 Rab8 24. Rd1 b6 25. Bd5 Rbd8 26. Rcd2 Bd6 27. Bxe6 fxe6 28. Be5 Be7 29. Rd7 Rxd7 30. Rxd7 Bf6 31. Bxf6 Rxf6 32. Rxc7 Rf3 33. Rc6 Rxa3 34. Rxb6 Rc3 35. Rc6 a4 36. b6 Rb3 37. c5 a3 38. Rc8+ Kf7 39. Ra8 Ke7 40. Ra7+ Kd8 41. Kg2 Rb5 42. Rxa3 Rxc5 43. Rb3 Kc8 44. b7+ Kb8 45. Kf3 Rf5+ 46. Ke3 Re5+ 47. Kd3 Rd5+ 48. Ke4 Rd2 49. Rf3 Re2+ 50. Kd4 Kxb7 51. Rf7+ Kc6 52. Rxg7 Rxf2 53. h4 Kd6 54. Rg6 h5 55. Ke4 Rf5 56. g4 {[%emt 0:00:11] Ke5+} 1/2-1/2

[Event "NOR-ch Various 2019"]
[Site "Larvik"]
[Date "2019.07.07"]
[Round "2.38"]
[White "Fossan, Andreas"]
[Black "Skotheim, Andreas"]
[Result "1/2-1/2"]
[ECO "E20"]
[WhiteElo "2023"]
[BlackElo "2138"]
[Annotator "NA"]
[PlyCount "105"]
[EventDate "2019.07.06"]
[EventType "swiss"]
[EventCountry "NOR"]
[SourceTitle "playchess.com"]
[Source "ChessBase"]
[SourceQuality "1"]
[TimeControl "40/5400+30:1800+30"]

1. d4 Nf6 2. c4 e6 3. Nc3 Bb4 4. f3 Nc6 5. Nh3 d5 6. a3 Bxc3+ 7. bxc3 O-O 8. e3 e5 9. Nf2 Re8 10. Be2 dxc4 11. O-O Be6 12. Rb1 Rb8 13. Ne4 exd4 14. exd4 Nd5 15. Qc2 b5 16. Ng5 f5 17. f4 Qd7 18. Bf3 Nf6 19. Nxe6 Qxe6 20. Bd2 Ne4 21. Rbe1 Na5 22. g4 Qg6 23. g5 Qc6 24. Re3 Nb7 25. Bxe4 Rxe4 26. Rxe4 fxe4 27. f5 Rf8 28. Be3 Nd6 29. f6 Qd5 30. Qf2 g6 31. Bf4 Nf5 32. Be3 Qd6 33. Qe2 Nh4 34. Bf4 Nf3+ 35. Qxf3 exf3 36. Bxd6 cxd6 37. Re1 Rb8 38. Kf2 a5 39. Kxf3 b4 40. axb4 axb4 41. cxb4 c3 42. Rc1 Rxb4 43. Ke4 Rb5 44. h4 h6 45. Kf4 hxg5+ 46. hxg5 Rd5 47. Rxc3 Rxd4+ 48. Ke3 Rg4 49. Rc8+ Kf7 50. Rc7+ Kf8 51. Rc8+ Kf7 52. Rc7+ Kf8 53. Rc8+ 1/2-1/2

[Event "NOR-ch Various 2019"]
[Site "Larvik"]
[Date "2019.07.07"]
[Round "2.39"]
[White "Huse, Arne Kjelsbol"]
[Black "Carlsen, Christian Heen"]
[Result "1/2-1/2"]
[ECO "B51"]
[WhiteElo "1419"]
[BlackElo "2013"]
[Annotator "NA"]
[PlyCount "75"]
[EventDate "2019.07.06"]
[EventType "swiss"]
[EventCountry "NOR"]
[SourceTitle "playchess.com"]
[Source "ChessBase"]
[SourceQuality "1"]
[TimeControl "40/5400+30:1800+30"]

1. e4 c5 2. Nf3 d6 3. Bb5+ Nd7 4. O-O Ngf6 5. Re1 g6 6. c3 Bg7 7. d4 cxd4 8. cxd4 O-O 9. Nc3 e5 10. h3 a6 11. Bc4 b5 12. Bb3 Bb7 13. Bg5 Re8 14. Bd5 Qb6 15. dxe5 Nxd5 16. Nxd5 Bxd5 17. Qxd5 Nxe5 18. Nxe5 dxe5 19. Rac1 Rac8 20. Qd7 Qb8 21. Red1 h6 22. Bh4 Bf8 23. Rc6 Rxc6 24. Qxc6 Re6 25. Qd7 Rd6 26. Rxd6 Qxd6 27. Qe8 Kg7 28. b3 Qd4 29. Qd8 Qxd8 30. Bxd8 f6 31. Kf1 Kf7 32. Ke2 Be7 33. Bb6 Ke6 34. Kd3 Kd6 35. Be3 h5 36. g4 hxg4 37. hxg4 g5 38. Kc3 1/2-1/2

[Event "NOR-ch Various 2019"]
[Site "Larvik"]
[Date "2019.07.07"]
[Round "2.40"]
[White "Kristiansen, Willy M"]
[Black "Skagseth, Havard M"]
[Result "1/2-1/2"]
[ECO "A35"]
[WhiteElo "2118"]
[BlackElo "2002"]
[Annotator "NA"]
[PlyCount "46"]
[EventDate "2019.07.06"]
[EventType "swiss"]
[EventCountry "NOR"]
[SourceTitle "playchess.com"]
[Source "ChessBase"]
[SourceQuality "1"]
[TimeControl "40/5400+30:1800+30"]

1. Nf3 c5 2. c4 Nc6 3. Nc3 g6 4. e3 Nf6 5. d4 cxd4 6. exd4 d5 7. cxd5 Nxd5 8. Qb3 Nxc3 9. Bc4 Nd5 10. Bxd5 e6 11. Bxc6+ bxc6 12. O-O Ba6 13. Re1 Qd5 14. Qc2 Bg7 15. Bd2 O-O 16. Bb4 Rfb8 17. Bc5 Rb7 18. b3 Bb5 19. a4 Ba6 20. Rab1 Rab8 21. Re3 Bc4 22. Nd2 Ba6 23. Nf3 Bc4 1/2-1/2

[Event "NOR-ch Various 2019"]
[Site "Larvik"]
[Date "2019.07.07"]
[Round "2.41"]
[White "Mansoor, Afras"]
[Black "Laverton, Christian"]
[Result "0-1"]
[ECO "D15"]
[WhiteElo "1991"]
[BlackElo "2115"]
[Annotator "NA"]
[PlyCount "83"]
[EventDate "2019.07.06"]
[EventType "swiss"]
[EventCountry "NOR"]
[SourceTitle "playchess.com"]
[Source "ChessBase"]
[SourceQuality "1"]
[TimeControl "40/5400+30:1800+30"]

1. c4 c6 2. Nf3 d5 3. d4 Nf6 4. Nc3 a6 5. a4 e6 6. e3 a5 7. Be2 Be7 8. O-O Na6 9. Ne5 O-O 10. Qb3 Nd7 11. Nxd7 Qxd7 12. Rd1 Nb4 13. e4 b6 14. Be3 Ba6 15. Rac1 Rab8 16. f3 Rfd8 17. Na2 h6 18. Nxb4 Bxb4 19. Rc2 Qe7 20. cxd5 Bxe2 21. Rxe2 cxd5 22. e5 Rdc8 23. Rc2 Qb7 24. Rdc1 Rxc2 25. Qxc2 b5 26. axb5 Qxb5 27. f4 Bf8 28. Bd2 a4 29. Bc3 Qc4 30. Qd1 Rb3 31. Qf1 Qxf1+ 32. Kxf1 Bb4 33. Be1 Bxe1 34. Rxe1 Rxb2 35. Ra1 Rb4 36. Rc1 Rxd4 37. g3 Rc4 38. Ra1 g5 39. fxg5 hxg5 40. Ra3 Kg7 41. Kg2 Rb4 42. Rxa4 0-1

[Event "NOR-ch Various 2019"]
[Site "Larvik"]
[Date "2019.07.08"]
[Round "3.1"]
[White "Stake-Larsen, Gunnar"]
[Black "Synnestvedt, Jan"]
[Result "1-0"]
[ECO "D02"]
[WhiteElo "1976"]
[BlackElo "1855"]
[Annotator "NA"]
[PlyCount "45"]
[EventDate "2019.07.06"]
[EventType "swiss"]
[EventCountry "NOR"]
[SourceTitle "playchess.com"]
[Source "ChessBase"]
[SourceQuality "1"]
[TimeControl "40/5400+30:1800+30"]

1. d4 d5 2. Bf4 e6 3. e3 c5 4. c3 Nc6 5. Nf3 Bd6 6. Bg3 Nf6 7. Nbd2 O-O 8. Bd3 c4 9. Bc2 b5 10. Ne5 Bxe5 11. dxe5 Nd7 12. Nf3 b4 13. O-O bxc3 14. bxc3 Qc7 15. Bxh7+ Kxh7 16. Ng5+ Kg8 17. Qh5 Rd8 18. Qxf7+ Kh8 19. Qh5+ Kg8 20. Qh7+ Kf8 21. Qh8+ Ke7 22. Qxg7+ Ke8 23. Qf7# 1-0

[Event "NOR-ch Various 2019"]
[Site "Larvik"]
[Date "2019.07.08"]
[Round "3.2"]
[White "Hovden, Hans"]
[Black "Skogheim, Ole Morten"]
[Result "1/2-1/2"]
[ECO "A34"]
[WhiteElo "1810"]
[BlackElo "1968"]
[Annotator "NA"]
[PlyCount "69"]
[EventDate "2019.07.06"]
[EventType "swiss"]
[EventCountry "NOR"]
[SourceTitle "playchess.com"]
[Source "ChessBase"]
[SourceQuality "1"]
[TimeControl "40/5400+30:1800+30"]

1. c4 e6 2. e4 c5 3. Nc3 Nc6 4. d3 d6 5. f4 Nf6 6. Nf3 Be7 7. Be2 a6 8. O-O Qc7 9. Qe1 Bd7 10. Be3 Ng4 11. Bd2 h5 12. h3 Nf6 13. Be3 O-O-O 14. a3 e5 15. Nd5 Nxd5 16. cxd5 Nd4 17. Nxd4 exd4 18. Bxd4 cxd4 19. Rc1 Bc6 20. Qd1 g6 21. dxc6 bxc6 22. Qa4 Kb7 23. Qxd4 Qb6 24. Qxb6+ Kxb6 25. d4 c5 26. dxc5+ dxc5 27. Rfd1 Rd4 28. Rxd4 cxd4 29. Rc4 a5 30. b4 axb4 31. axb4 Rd8 32. Bd3 h4 33. Kf1 g5 34. f5 Bf6 35. b5 1/2-1/2

[Event "NOR-ch Various 2019"]
[Site "Larvik"]
[Date "2019.07.08"]
[Round "3.3"]
[White "Wessel-Berg, Dag"]
[Black "Mottang, Harald"]
[Result "0-1"]
[ECO "D00"]
[WhiteElo "1486"]
[BlackElo "1559"]
[Annotator "NA"]
[PlyCount "52"]
[EventDate "2019.07.06"]
[EventType "swiss"]
[EventCountry "NOR"]
[SourceTitle "playchess.com"]
[Source "ChessBase"]
[SourceQuality "1"]
[TimeControl "40/5400+30:1800+30"]

1. d4 d5 2. Bf4 Nf6 3. e3 e6 4. Nd2 c5 5. c3 Nc6 6. Bd3 Bd6 7. Bg3 a6 8. a4 cxd4 9. exd4 Qc7 10. Ngf3 O-O 11. Qe2 Bd7 12. Ne5 Rab8 13. h4 b5 14. axb5 axb5 15. Nxd7 Nxd7 16. Bxd6 Qxd6 17. g4 e5 18. Bxb5 exd4 19. Bxc6 Rfe8 20. Bxd7 Rxe2+ 21. Kxe2 Qxd7 22. f3 Qe6+ 23. Kd1 Re8 24. cxd4 g6 25. b4 Qe2+ 26. Kc2 Rc8+ 0-1

[Event "NOR-ch Various 2019"]
[Site "Larvik"]
[Date "2019.07.08"]
[Round "3.4"]
[White "Ringstad, Kjell"]
[Black "Starli, Atle"]
[Result "0-1"]
[ECO "B50"]
[WhiteElo "1450"]
[BlackElo "1526"]
[Annotator "NA"]
[PlyCount "96"]
[EventDate "2019.07.06"]
[EventType "swiss"]
[EventCountry "NOR"]
[SourceTitle "playchess.com"]
[Source "ChessBase"]
[SourceQuality "1"]
[TimeControl "40/5400+30:1800+30"]

1. e4 c5 2. Nf3 d6 3. h3 Nf6 4. Nc3 a6 5. d3 e5 6. Bg5 Be7 7. Be2 O-O 8. O-O b5 9. a3 Nbd7 10. Qd2 Bb7 11. b4 Rc8 12. Rfe1 Qc7 13. Bxf6 Nxf6 14. Nd1 cxb4 15. Ne3 bxa3 16. Rxa3 d5 17. Ra2 dxe4 18. dxe4 Nxe4 19. Qc1 Nc3 20. Ra1 Rfd8 21. Nd2 Bg5 22. Bg4 Ra8 23. Nf3 Bf6 24. Nd1 Rxd1 25. Qe3 Rxa1 26. Rxa1 g6 27. h4 Rd8 28. h5 Rd1+ 29. Rxd1 Nxd1 30. Qh6 Bg7 31. Qg5 h6 32. Qd2 Nc3 33. hxg6 fxg6 34. Nh4 Ne4 35. Qe2 Qc4 36. Qxc4+ bxc4 37. Be6+ Kh7 38. Bxc4 Bf6 39. Nf3 Kg7 40. Nh2 h5 41. Nf1 a5 42. Bb5 Be7 43. f3 Nc3 44. Bc4 Bc5+ 45. Kh2 a4 46. Nd2 a3 47. Nb3 Bd4 48. Nc1 Bd5 0-1

[Event "NOR-ch Various 2019"]
[Site "Larvik"]
[Date "2019.07.08"]
[Round "3.5"]
[White "Omtvedt, Aleksander"]
[Black "Kyrkjebo, Hanna B."]
[Result "1/2-1/2"]
[ECO "E06"]
[WhiteElo "1871"]
[BlackElo "1915"]
[Annotator "NA"]
[PlyCount "71"]
[EventDate "2019.07.06"]
[EventType "swiss"]
[EventCountry "NOR"]
[SourceTitle "playchess.com"]
[Source "ChessBase"]
[SourceQuality "1"]
[TimeControl "40/5400+30:1800+30"]

1. d4 Nf6 2. Nf3 e6 3. g3 b6 4. Bg2 Bb7 5. O-O Be7 6. c4 O-O 7. Qa4 d5 8. Ne5 c6 9. Nc3 Nfd7 10. Nxd7 Nxd7 11. e4 dxc4 12. Qxc4 c5 13. d5 Ne5 14. Qe2 Qc8 15. Rd1 Ba6 16. Qc2 Rd8 17. f4 Ng6 18. a4 exd5 19. Nxd5 Bf8 20. b3 Ne7 21. Nxe7+ Bxe7 22. Bb2 Qc7 23. Qc3 Bf8 24. Kh1 Rxd1+ 25. Rxd1 Rd8 26. Rd2 Rxd2 27. Qxd2 Qd6 28. Qxd6 Bxd6 29. e5 Bc7 30. Bd5 Bc8 31. Kg2 Be6 32. Bc4 h5 33. Kf3 Bf5 34. Bd5 Kf8 35. Ke3 g6 36. Bc4 1/2-1/2

[Event "NOR-ch Various 2019"]
[Site "Larvik"]
[Date "2019.07.08"]
[Round "3.6"]
[White "Olsen, Ulrik"]
[Black "Runde, Hans Arild"]
[Result "0-1"]
[ECO "D02"]
[WhiteElo "1905"]
[BlackElo "1876"]
[Annotator "NA"]
[PlyCount "56"]
[EventDate "2019.07.06"]
[EventType "swiss"]
[EventCountry "NOR"]
[SourceTitle "playchess.com"]
[Source "ChessBase"]
[SourceQuality "1"]
[TimeControl "40/5400+30:1800+30"]

1. Nf3 Nf6 2. d4 e6 3. g3 d5 4. Bg2 g6 5. O-O Bg7 6. Nbd2 O-O 7. c3 Nbd7 8. Qc2 c5 9. e4 dxe4 10. Nxe4 cxd4 11. Nxd4 Nxe4 12. Qxe4 e5 13. Nb3 a5 14. Be3 Qc7 15. a4 Nf6 16. Qh4 Ng4 17. Bc1 h6 18. Bf3 Bf6 19. Qh3 Ne3 20. Qxh6 Nxf1 21. Bd5 Bf5 22. Kxf1 Rfd8 23. c4 Rxd5 24. cxd5 Qc4+ 25. Kg1 Qxb3 26. h4 Qd1+ 27. Kh2 Qf1 28. Qe3 Rc8 0-1

[Event "NOR-ch Various 2019"]
[Site "Larvik"]
[Date "2019.07.08"]
[Round "3.7"]
[White "Jacobsen, Trond"]
[Black "Pettersen, Joran Sten"]
[Result "1/2-1/2"]
[ECO "A85"]
[WhiteElo "1651"]
[BlackElo "1785"]
[Annotator "NA"]
[PlyCount "65"]
[EventDate "2019.07.06"]
[EventType "swiss"]
[EventCountry "NOR"]
[SourceTitle "playchess.com"]
[Source "ChessBase"]
[SourceQuality "1"]
[TimeControl "40/5400+30:1800+30"]

1. d4 e6 2. c4 f5 3. Nc3 Nf6 4. g3 d5 5. cxd5 exd5 6. Bg5 c6 7. Bxf6 Qxf6 8. Nf3 Bd6 9. e3 Nd7 10. a3 a5 11. Rb1 Qe7 12. Na4 O-O 13. Be2 b5 14. Nc3 Nf6 15. Rc1 Bd7 16. O-O Ne4 17. Nb1 a4 18. Nbd2 Kh8 19. Ne1 Rae8 20. Bh5 g6 21. Bf3 Nf6 22. Nd3 g5 23. Nc5 f4 24. Nxd7 Qxd7 25. exf4 gxf4 26. Re1 fxg3 27. hxg3 Qh3 28. Bg2 Qd7 29. Rxe8 Qxe8 30. Rc3 Rf7 31. Re3 Re7 32. Rxe7 Qxe7 33. Kf1 1/2-1/2

[Event "NOR-ch Various 2019"]
[Site "Larvik"]
[Date "2019.07.08"]
[Round "3.8"]
[White "Aasen, Fredrik"]
[Black "Odegaard, Per Chr"]
[Result "1/2-1/2"]
[ECO "A36"]
[WhiteElo "1606"]
[BlackElo "1754"]
[Annotator "NA"]
[PlyCount "56"]
[EventDate "2019.07.06"]
[EventType "swiss"]
[EventCountry "NOR"]
[SourceTitle "playchess.com"]
[Source "ChessBase"]
[SourceQuality "1"]
[TimeControl "40/5400+30:1800+30"]

1. c4 c5 2. g3 Nc6 3. Bg2 Nf6 4. Nc3 g6 5. e4 Bg7 6. Nge2 d6 7. d3 O-O 8. O-O a6 9. h3 Rb8 10. a4 Nd4 11. Nxd4 cxd4 12. Ne2 e5 13. a5 b5 14. axb6 Rxb6 15. f4 Nd7 16. f5 Nc5 17. g4 Nb3 18. Ra3 Nxc1 19. Qxc1 Qh4 20. Ra2 Bh6 21. Qe1 Be3+ 22. Kh2 Qxe1 23. Rxe1 Bd7 24. Rb1 Rfb8 25. b4 Kg7 26. Rab2 g5 27. Kh1 f6 28. Ng3 Be8 1/2-1/2

[Event "NOR-ch Various 2019"]
[Site "Larvik"]
[Date "2019.07.08"]
[Round "3.9"]
[White "Selvik, Kjetil"]
[Black "Johansen, Aleksander"]
[Result "0-1"]
[ECO "D00"]
[WhiteElo "1493"]
[BlackElo "1518"]
[Annotator "NA"]
[PlyCount "78"]
[EventDate "2019.07.06"]
[EventType "swiss"]
[EventCountry "NOR"]
[SourceTitle "playchess.com"]
[Source "ChessBase"]
[SourceQuality "1"]
[TimeControl "40/5400+30:1800+30"]

1. d4 d5 2. Nc3 Bf5 3. f3 Nf6 4. g4 Bg6 5. h4 h5 6. g5 Ng8 7. Bf4 e6 8. e3 Bd6 9. Bd3 Bxf4 10. exf4 Bxd3 11. Qxd3 Ne7 12. O-O-O g6 13. Qb5+ c6 14. Qxb7 Nd7 15. Qa6 Nb6 16. Na4 O-O 17. Nc5 Qc7 18. Ne2 Nc4 19. Rd3 Nf5 20. Rb3 Nxd4 21. Nxd4 Qxf4+ 22. Kb1 Qxd4 23. Nd7 Nd2+ 24. Ka1 Nxb3+ 25. cxb3 Rfc8 26. Qe2 c5 27. Rd1 Qf4 28. Nf6+ Kg7 29. Qc2 Rc7 30. Qc3 d4 31. Qd3 Qxh4 32. Ne4 Qf4 33. Re1 Rd8 34. Kb1 Qf5 35. Ka1 h4 36. Rh1 h3 37. Qf1 Rh8 38. Qe2 Qf4 39. Rh2 Qc1# 0-1